 Dungeon Crawl Stone Soup version 0.27.0-1-g7a089689b8 (webtiles) character file.

Game seed: 7521345250052860616

350 Colgate the Ruffian (level 6, 0/47 HPs)
             Began as a Draconian Transmuter on Aug 1, 2021.
             Was a Priest of Lugonu.
             Slain by a water moccasin (1 damage)
             ... on level 5 of the Dungeon on Aug 2, 2021.
             The game lasted 00:37:54 (5241 turns).

Colgate the Ruffian (Draconian Transmuter)          Turns: 5241, Time: 00:37:55

Health: 0/47       AC: 13    Str: 13    XL:     6   Next: 33%
Magic:  5/9        EV: 12    Int: 15    God:    Lugonu [***...]
Gold:   32         SH:  0    Dex: 11    Spells: 6/9 levels left

rFire    . . .     SeeInvis .   a - +0 hunting sling
rCold    . . .     Faith    .   (no shield)
rNeg     + . .     Spirit   .   (armour unavailable)
rPois    .         Reflect  .   (helmet restricted)
rElec    .         Harm     .   (no cloak)
rCorr    .         Rampage  .   x - +1 pair of gloves
Will     .....                  u - +0 pair of boots
Stlth    +.........             (no amulet)
HPRegen  0.15/turn              m - ring of positive energy
MPRegen  0.11/turn              p - +4 ring of protection

@: lethally poisoned (0 -> -12)
A: AC +6, unfitting armour, cold-blooded
a: Renounce Religion, Depart the Abyss, Bend Space, Banish


You were on level 5 of the Dungeon.
You worshipped Lugonu.
Lugonu was most pleased with you.
You visited 1 branch of the dungeon, and saw 5 of its levels.

You collected 207 gold pieces.
You spent 175 gold pieces at shops.

Inventory:

Hand Weapons
 a - a +0 hunting sling (weapon)
Missiles
 b - 52 stones (quivered ammo)
 d - 17 bolts
 e - 8 boomerangs
 g - 6 silver javelins
 h - 46 arrows
 k - a throwing net
 o - 23 sling bullets
 r - 25 poisoned darts
 y - 2 silver boomerangs
Armour
 u - a +0 pair of boots (worn)
 x - a +1 pair of gloves (worn)
Jewellery
 m - a ring of positive energy (left hand)
 p - a +4 ring of protection (right hand)
Wands
 f - a wand of charming (6)
 t - a wand of iceblast (15)
Scrolls
 c - 6 scrolls of teleportation {unknown}
 i - a scroll of enchant weapon {unknown}
 j - a scroll of enchant armour {unknown}
 v - a scroll of magic mapping {unknown}
 A - a scroll of fear
Potions
 l - 2 potions of heal wounds
 n - a potion of invisibility {unknown}
 q - a potion of attraction {unknown}
 s - a potion of curing {unknown}
 w - a potion of brilliance {unknown}
 z - a potion of mutation {unknown}


   Skills:
 - Level 1.1 Fighting
 - Level 1.7 Dodging
 + Level 7.2 Unarmed Combat
 - Level 2.0 Spellcasting
 - Level 2.0 Transmutations


You had 6 spell levels left.
You knew the following spells:

 Your Spells              Type           Power      Damage    Failure   Level
a - Beastly Appendage     Tmut           14%        N/A       10%         1
b - Wereblood             Tmut           7%         N/A       14%         2

Your spell library contained the following spells:

 Spells                   Type           Power      Damage    Failure   Level
 Spider Form              Tmut/Pois      2%         N/A       41%         3
 Ignite Poison            Fire/Tmut/Pois 3%         N/A       45%         3
 Mephitic Cloud           Conj/Pois/Air  1%         N/A       54%         3
 Ice Form                 Ice/Tmut       4%         N/A       82%         4
 Bolt of Magma            Conj/Fire/Erth 0%         4d4       99%         5


Dungeon Overview and Level Annotations

Branches:
Dungeon (5/15)
 Temple: D:4-7

Altars:
Uskayaw
Wu Jian
Lugonu

Shops:
D:2 [   D:4 ?

Annotations:
D:2 1 runed translucent door, Crazy Yiuf
D:4 Eustachio
D:5 exclusion: 3 water moccasins


Innate Abilities, Weirdness & Mutations

Your plain brown scales are hard. (AC +6)
You cannot fit into any form of body armour.
You are cold-blooded and may be slowed by cold attacks.


Message History

Press: ? - help, Shift-Dir - straight line, f/p - water moccasin
Aim: a water moccasin (chance to affect: 79%)
You fail to use your ability.
The water moccasin bites you but does no damage.
Press: ? - help, Shift-Dir - straight line, f/p - water moccasin
Aim: a water moccasin (chance to affect: 79%)
You fail to use your ability.
The water moccasin bites you.
You are poisoned.
The water moccasin poisons you!
Press: ? - help, Shift-Dir - straight line, f/p - water moccasin
Aim: a water moccasin (chance to affect: 79%)
You fail to use your ability.
You feel very sick. The water moccasin misses you.
The water moccasin bites you.
Press: ? - help, Shift-Dir - straight line, f/p - water moccasin
Aim: a water moccasin (chance to affect: 79%)
You fail to use your ability.
You feel sick. The water moccasin bites you.
* * * LOW HITPOINT WARNING * * *
You are lethally poisoned!
The water moccasin poisons you!
Press: ? - help, Shift-Dir - straight line, f/p - water moccasin
Aim: a water moccasin (chance to affect: 79%)
The water moccasin barely resists.
* * * LOW HITPOINT WARNING * * *
You feel very sick. The water moccasin closely misses you.
The water moccasin bites you but does no damage.
Press: ? - help, Shift-Dir - straight line, f/p - water moccasin
Aim: a water moccasin (chance to affect: 79%)
You fail to use your ability.
* * * LOW HITPOINT WARNING * * *
You feel very sick.
The water moccasin bites you but does no damage.
Press: ? - help, Shift-Dir - straight line, f/p - water moccasin
Aim: a water moccasin (chance to affect: 79%)
You fail to use your ability.
* * * LOW HITPOINT WARNING * * *
You feel very sick. The water moccasin bites you.
You die...

## ## #... ..# #+##
#.#.##.# ##..$##
#......# ##.....##
#.>....## ##S@.....#
#....S..####.........#
#..........'.......[.+
...
#.......####.........#
#.# #.#.##.##
##.......## #.#
#......# ##.....## ..#
###.####### ###...##
#.# #........... #+##
#.# #.###.###.#. #.#
#.#


You could see a water moccasin.

Vanquished Creatures
  A hornet zombie (D:4)
  A bullfrog zombie (D:3)
  A bullfrog skeleton (D:4)
  Ijyb (D:4)
  Robin (D:2)
  5 adders
  An adder skeleton (D:4)
  2 worms (D:2)
  3 dart slugs (D:1)
  2 orcs (D:4)
  10 ball pythons
  7 endoplasms
  2 giant cockroaches (D:1)
  8 hobgoblins
  12 jackals
  5 kobolds
  2 quokkas
  3 bats
  2 frilled lizards (D:2)
  14 goblins
  6 rats
89 creatures vanquished.

Vanquished Creatures (others)
  5 fungi (D:3)
5 creatures vanquished.

Grand Total: 94 creatures vanquished

Notes
Turn   | Place    | Note
-------+----------+-------------------------------------------
     0 | D:1      | Colgate the Draconian Transmuter began the quest for the
                  | Orb.
     0 | D:1      | Reached XP level 1. HP: 16/16 MP: 3/3
   308 | D:1      | Reached XP level 2. HP: 23/23 MP: 3/5
   321 | D:1      | Found a faded altar of an unknown god.
   356 | D:1      | Became a worshipper of Lugonu the Unformed
   356 | D:1      | Reached * piety under Lugonu
   356 | D:1      | Reached ** piety under Lugonu
   364 | D:1      | Learned a level 2 spell: Wereblood
   611 | D:1      | Reached skill level 4 in Unarmed Combat
   924 | D:1      | Reached XP level 3. HP: 28/28 MP: 0/6
  1380 | D:2      | Found Qoul Muhy's Armour Shop.
  1390 | D:2      | Bought a +0 pair of gloves for 49 gold pieces
  1490 | D:2      | Reached *** piety under Lugonu
  1785 | D:2      | Noticed Robin
  1797 | D:2      | Reached XP level 4. HP: 20/35 MP: 1/7
  1800 | D:2      | Killed Robin
  1801 | D:2      | Reached skill level 5 in Unarmed Combat
  2226 | D:2      | Found a runed translucent door.
  2227 | D:2      | Noticed Crazy Yiuf
  2441 | D:2      | Found a hide-covered altar of Uskayaw.
  2813 | D:3      | Reached XP level 5. HP: 36/40 MP: 2/8
  3125 | D:2      | Bought a +0 pair of boots for 49 gold pieces
  3291 | D:3      | Found an ornate altar of the Wu Jian Council.
  4122 | D:4      | Reached skill level 6 in Unarmed Combat
  4334 | D:4      | Noticed Eustachio
  4395 | D:4      | Noticed Ijyb
  4415 | D:4      | Reached XP level 6. HP: 47/47 MP: 7/9
  4453 | D:4      | Killed Ijyb
  4705 | D:4      | Reached skill level 7 in Unarmed Combat
  4806 | D:4      | Found Katekudgh's Magic Scroll Shop.
  4809 | D:4      | Bought a scroll of fear for 49 gold pieces
  4809 | D:4      | Bought a scroll of identify for 28 gold pieces
  5057 | D:5      | Entered Level 5 of the Dungeon
  5077 | D:5      | Noticed a water moccasin
  5241 | D:5      | HP: 1/47 [poisoned by a water moccasin]
  5241 | D:5      | Slain by a water moccasin

Illustrated notes

Levels and vault maps discovered:
D:1:      lightli_arrival_statuegarden, layout_basic,
          hellmonk_ecumenical_altar_lost_god, serial_corexii_hall,
          chequers_hall_statues_y, corexii_hall_statues_u,
          corexii_hall_statues_i, chequers_hall_statues_wall_a,
          chequers_hall_statues_y, corexii_hall_statues_deadend
D:2:      layout_basic, basic_altar, serial_shops, nicolae_lakefront_shop,
          minmay_door_square, grunt_ministairs_10, uniq_robin,
          uniq_crazy_yiuf_cottage
D:3:      layout_rooms, mainiacjoe_overflow_chevrons, grunt_decor_clamped
D:4:      layout_rooms, serial_shops, kennysheep_mini, uniq_eustachio, uniq_ijyb
D:5:      kennysheep_big_flooded_room, layout_loops_corners

Skill      XL: |  1  2  3  4  5  6 |
---------------+-------------------+-----
Unarmed Combat | 4 5 6 7 |  7.2
Fighting       | |  1.1
Dodging        | |  1.7
Spellcasting   | |  2.0
Transmutations | |  2.0

Action                   |  1- 3 |  4- 6 || total
-------------------------+-------+-------++-------
Melee: Unarmed           |    84 |   130 ||   214
       Headbutt          |     8 |    15 ||    23
       Kick              |    10 |    34 ||    44
       Tailslap          |     2 |    15 ||    17
       Punch             |     1 |     2 ||     3
 Fire: Hunting sling     |       |    26 ||    26
Throw: Dart              |    24 |     3 ||    27
       Boomerang         |     8 |       ||     8
       Stone             |    16 |     8 ||    24
       Javelin           |       |     1 ||     1
 Cast: Beastly Appendage |    26 |    32 ||    58
       Wereblood         |     2 |     8 ||    10
Invok: Bend Space        |       |    13 ||    13
       Banish            |       |     1 ||     1
  Use: Scroll            |       |     2 ||     2
Armor: Skin              |    24 |    78 ||   102
Dodge: Dodged            |    52 |   112 ||   164
